 Dungeon Crawl Stone Soup version 0.22-a0-995-g3b949e0 (webtiles) character file.

8 Charun the Digger (level 2, -1/13 HPs)
             Began as a Skeleton Earth Elementalist on May 20, 2020.
             Killed from afar by a dart slug (7 damage)
             ... with a slug dart
             ... on level 1 of the Dungeon.
             The game lasted 00:01:31 (168 turns).

Charun the Digger (Skeleton Earth Elementalist)      Turns: 168, Time: 00:01:31

Health: -1/13      AC:  2    Str: 10    XL:     2   Next: 0%
Magic:  3/5        EV: 12    Int: 14    God:
Gold:   9          SH:  0    Dex: 12    Spells: 4/5 levels left

rFire    . . .     SeeInvis .   d - +0 club
rCold    . . .     Gourm    .   (no shield)
rNeg     + + +     Faith    .   c - +0 robe
rPois    ∞         Spirit   .   (no helmet)
rElec    .         Reflect  .   (no cloak)
rCorr    .         Harm     .   (no gloves)
MR       .....                  (no boots)
Stlth    ++........             (no amulet)
HPRegen  0.04/turn              (no ring)
MPRegen  0.09/turn              (no ring)

@: no status effects
A: no food or potions, skeletal body, frail 2, negative energy resistance 3,
torment resistance, unbreathing
a: Reap


You were on level 1 of the Dungeon.
You were not hungry.
You have taken no pledge.
You visited 1 branch of the dungeon, and saw 1 of its levels.

You collected 9 gold pieces.

Inventory:

Hand Weapons
 d - a +0 club (weapon)
 g - a -3 hand axe
Missiles
 b - 19 stones (quivered)
Armour
 c - a +0 robe (worn)
Scrolls
 e - a scroll of fog {unknown}
 f - a scroll of teleportation {unknown}


   Skills:
 + Level 2.1 Dodging
 + Level 1.4 Stealth
 + Level 2.4 Spellcasting
   Level 0.6 Transmutations
 + Level 3.0 Earth Magic


You had 4 spell levels left.
You knew the following spells:

 Your Spells              Type           Power        Failure   Level  Hunger
a - Sandblast             Erth           ##....       7%          1    N/A

Your spell library contained the following spells:

 Spells                   Type           Power        Failure   Level  Hunger
 Stone Arrow              Conj/Erth      #.....       36%         3    N/A
 Passwall                 Tmut/Erth      #.......     17%         2    N/A
 Lee's Rapid Deconstruct  Erth           ##........   88%         5    N/A
 Petrify                  Tmut/Erth      #.......     73%         4    N/A

Dungeon Overview and Level Annotations

Branches:
Dungeon (1/15)

Altars:


Innate Abilities, Weirdness & Mutations

You do not eat or drink.
You can enter a trance state until all enemies are dead.
You are immune to poison.
You are very frail. (-20% HP)
You are immune to negative energy. (rN+++)
You are immune to unholy pain and torment.
You can survive without breathing.


Message History

A kobold and a dart slug come into view.
The kobold shouts!
Casting: Sandblast (safe; 7% risk of failure)
Confirm with . or Enter, or press ? or * to list all spells.
Aiming: Sandblast (safe; 7% risk of failure)
Press: ? - help, Shift-Dir - straight line, f - kobold
Aim: a kobold, wielding a short sword The blast of sand hits the kobold.
You kill the kobold!
You have reached level 2!
b - 19 stones The dart slug launches a dart at you.
The slug dart hits you!
Casting: Sandblast (safe; 7% risk of failure)
Confirm with . or Enter, or press ? or * to list all spells.
You can't see any susceptible monsters within range! (Use Z to cast anyway.)
The dart slug launches a dart at you. The slug dart hits you!
Ouch! That really hurt!
You die...

.#.........##.######..##.
......########..#.........
#.###.......# ##.#.###.....
#...........# #........###
#....... ...# #†..#....... #.#
#..###..# #...#.#..### #.#
#.......# #...#.#..# #.#
#.......#########w..#.#..# #
##.###..........@).w...#.#.#..##.
#...........#######....#...#.#..#
#..####.###.# ....#......#..
......#.# #.# #....##..#....#
#.#####.###.# #### ##.#..#.. #.#
#.....# #.. #......# #.# #######
#.# #....#.. #.######...####.#
#......#
#......'........######.###.#..#..


You could see 2 dart slugs.

Vanquished Creatures
  A leopard gecko (D:1)
  A ball python (D:1)
  A giant cockroach (D:1)
  A hobgoblin (D:1)
  A jackal (D:1)
  A kobold (D:1)
6 creatures vanquished.

Notes
Turn   | Place    | Note
-------+----------+-------------------------------------------
     0 | D:1      | Charun the Skeleton Earth Elementalist began the quest for the Orb.
     0 | D:1      | Reached XP level 1. HP: 8/8 MP: 3/3
   151 | D:1      | Reached skill level 3 in Earth Magic
   166 | D:1      | Reached XP level 2. HP: 10/13 MP: 3/5
   168 | D:1      | Killed from afar by a dart slug

Vault maps used:
D:1:      erik_arrival_blinker_ship, hex_medium, minivault_11, feat_on_display

Skill      XL: |  1 |
---------------+----+-----
Earth Magic    | 3 |  3.0
Dodging        | |  2.1
Stealth        | |  1.4
Spellcasting   | |  2.4
Transmutations | |  0.6

Action                   || total
-------------------------++-------
Melee: Unarmed           ||     1
 Cast: Sandblast         ||    11
  Use: Scroll            ||     1
Armor: Robe              ||     1
Dodge: Dodged            ||     5

Table legend:
 A = Spawn XP
 B = Non-spawn XP
 C = Spawn XP percentage of total XP
 D = Spawn monster count
 E = Non-spawn monster count
 F = Spawn count percentage of total count
 G = Total turns spent on level
                    A         B        C        D         E        F      G
               +---------+---------+-------+---------+---------+-------+---------
         Total |       0 |      12 |   0.0 |       0 |       6 |   0.0 |   168
               +---------+---------+-------+---------+---------+-------+---------
           D:1 |       0 |      12 |   0.0 |       0 |       6 |   0.0 |   168
               +---------+---------+-------+---------+---------+-------+---------
